 Dungeon Crawl Stone Soup version 0.30-a0-137-gd8773701ce (webtiles) character file.

Game seed: 3093520659822826227

25779 IdlyInterested the Fighter (level 12, 0/105 HPs)
             Began as a Demonspawn Gladiator on Sept 21, 2022.
             Slain by a death yak (10 damage)
             ... on level 3 of the Lair of Beasts.
             The game lasted 00:43:39 (14572 turns).

IdlyInterested the Fighter (Demonspawn Gladiator)  Turns: 14572, Time: 00:43:39

Health: 0/105      AC: 29    Str: 19    XL:     12   Next: 92%
Magic:  12/12      EV: 10    Int:  9    God:
Gold:   724        SH:  9    Dex: 16    Spells: 11/11 levels left

rFire   x . .      SeeInvis +    b - +1 battleaxe
rCold   + . .      Faith    .    (shield currently unavailable)
rNeg    + . .      Spirit   .    m - +0 pearl dragon scales
rPois   +          Reflect  +    c - +1 helmet
rElec   .          Harm     .    g - +0 cloak
rCorr   .          Rampage  .    (no gloves)
Will    +....                    D - +2 pair of boots
Stlth   +.........               r - amulet of reflection
HPRegen 0.27/turn                t - ring of ice
MPRegen 0.13/turn                v - ring of see invisible

@: mighty, studying Evocations
A: claws 2, icy blue scales 1, icemail 2, condensation shield, strong-willed 1,
poison resistance
a: no special abilities


You were on level 3 of the Lair of Beasts.
You visited 3 branches of the dungeon, and saw 13 of its levels.
You also visited: Ossuary.

You collected 2052 gold pieces.
You spent 1328 gold pieces at shops.

Inventory:

Hand Weapons
 a - a +3 war axe
 b - a +1 battleaxe (weapon)
 S - the +10 mace of Cobwebs {freeze, rCorr Stlth+}
   (You bought it in a shop on level 9 of the Dungeon)

   It freezes those it strikes, dealing additional cold damage.
   It can also slow down cold-blooded creatures.
   rCorr:     It protects you from acid and corrosion.
   Stlth:     It makes you more stealthy.
Missiles
 d - 3 throwing nets
 p - 33 poisoned darts (quivered)
 A - 15 atropa-tipped darts
 G - 2 datura-tipped darts
 K - 3 boomerangs
 R - 5 javelins
Armour
 c - a +1 helmet (worn)
 e - +0 acid dragon scales
 g - a +0 cloak (worn)
 m - +0 pearl dragon scales (worn)
 x - a +0 hat
 D - a +2 pair of boots (worn)
 M - a +2 kite shield
Jewellery
 r - an amulet of reflection (around neck)
 t - a ring of ice (left claw)
 v - a ring of see invisible (right claw)
 J - an amulet of regeneration
 Q - an amulet of guardian spirit
 X - a ring of wizardry
Wands
 f - a wand of flame (25)
 n - a wand of acid (4)
 o - a wand of polymorph (11)
 w - a wand of charming (8)
 z - a wand of iceblast (12)
Scrolls
 q - 9 scrolls of teleportation
 B - 2 scrolls of magic mapping
 E - a scroll of blinking
 H - 4 scrolls of identify
 L - a scroll of fog
 N - 2 scrolls of poison
 T - a scroll of summoning
 U - a scroll of fear
 V - a scroll of enchant weapon
 W - a scroll of vulnerability
Potions
 h - 2 potions of mutation
 i - a potion of resistance
 j - a potion of might
 k - a potion of magic
 s - 2 potions of flight
 u - 3 potions of cancellation
 C - 7 potions of lignification
 F - 3 potions of curing
 I - a potion of heal wounds
 O - a potion of invisibility
 P - 2 potions of haste
Miscellaneous
 y - a phial of floods (inert)


   Skills:
 + Level 13.2 Fighting
 * Level 13.2 Axes
 - Level 6.0 Throwing
 - Level 6.0 Armour
 - Level 3.0 Dodging
 - Level 3.0 Stealth
 + Level 5.8 Evocations


You had 11 spell levels left.
You didn't know any spells.
Your spell library contained the following spells:

 Spells                   Type           Power      Damage    Failure   Level
 Apportation              Tloc           0%         N/A       80%         1
 Freeze                   Ice            0%         1d3       80%         1
 Necrotise                Necr           0%         1d4       80%         1
 Sandblast                Erth           0%         2d4       80%         1
 Summon Small Mammal      Summ           0%         N/A       80%         1
 Cigotuvi's Dreadful Rot  Necr/Pois/Air  0%         N/A       91%         2
 Passwall                 Tmut/Erth      0%         N/A       91%         2
 Poisonous Vapours        Pois/Air       0%         N/A       91%         2
 Dazzling Flash           Conj/Hex       0%         N/A       99%         3
 Frozen Ramparts          Ice            0%         1d1       99%         3
 Gell's Gravitas          Tloc           0%         N/A       99%         3
 Ignite Poison            Fire/Tmut/Pois 0%         N/A       99%         3
 Lesser Beckoning         Tloc           0%         N/A       99%         3
 Mephitic Cloud           Conj/Pois/Air  0%         N/A       99%         3
 Stone Arrow              Conj/Erth      0%         3d7       99%         3
 Teleport Other           Tloc           0%         N/A       99%         3
 Vampiric Draining        Necr           0%         2d6       99%         3
 Cause Fear               Hex            0%         N/A       100%        4
 Dispel Undead            Necr           0%         3d6       100%        4
 Hailstorm                Conj/Ice       0%         3d3       100%        4
 Leda's Liquefaction      Hex/Erth       0%         N/A       100%        4
 Agony                    Necr           0%         N/A       100%        5
 Alistair's Intoxication  Tmut/Pois      0%         N/A       100%        5
 Borgnjor's Vile Clutch   Necr/Erth      0%         N/A       100%        5
 Freezing Cloud           Conj/Ice/Air   0%         6-21      100%        5
 Lee's Rapid Deconstruct  Erth           0%         3d5*      100%        5
 Silence                  Hex/Air        0%         N/A       100%        5
 Death Channel            Necr           0%         N/A       100%        6
 Eringya's Noxious Bog    Tmut/Pois      0%         N/A       100%        6
 Statue Form              Tmut/Erth      0%         N/A       100%        6
 Dragon Form              Tmut           0%         N/A       100%        7
 Dragon's Call            Summ           0%         N/A       100%        9


Dungeon Overview and Level Annotations

Branches:
Dungeon (9/15)             Temple (1/1) D:5            Lair (3/5) D:9
 Shoals (0/4) Lair:2       Spider (0/4) Lair:3          Orc (0/2) D:9
Ossuary (visited)

Altars:
Ashenzari
Cheibriados
Dithmenos
Fedhas
Gozag
Hepliaklqana
Kikubaaqudgha
Makhleb
Nemelex Xobeh
Okawaru
Qazlal
Ru
Sif Muna
Trog
Uskayaw
Vehumet
Wu Jian
Xom
Yredelemnul

Shops:
D:3 (   D:7 :   D:9 (


Innate Abilities, Weirdness & Mutations

You have very sharp fingernails.
You are partially covered in icy blue scales. (AC +2)
A meltable icy envelope protects you from harm. (AC +8)
A meltable shield of frost defends you. (SH +4)
You are strong-willed. (Will+)
Your system is resistant to poisons. (rPois)


Message History

The death yak is severely wounded.
The death yak gores you!
* * * LOW HITPOINT WARNING * * *
You are confused.
You feel invigorated. The death yak gores you!
* * * LOW HITPOINT WARNING * * *
You feel much better. The death yak gores you!
* * * LOW HITPOINT WARNING * * *
Your unstable footing causes you to fumble your attack.
The death yak gores you!
* * * LOW HITPOINT WARNING * * *
You're too confused to move!
The death yak gores you.
* * * LOW HITPOINT WARNING * * *
You completely miss the death yak.
The death yak is severely wounded.
You feel less invigorated.
You feel less confused. You block the death yak's attack.
Okay, then.
Your unstable footing causes you to fumble your attack.
The death yak misses you.
You slice the death yak!!
The death yak is almost dead.
You hear an angry growl.
The death yak is no longer waterlogged.
The death yak closely misses you.
Your unstable footing causes you to fumble your attack.
The death yak gores you.
* * * LOW HITPOINT WARNING * * *
You completely miss the death yak.
The death yak is almost dead.
The death yak completely misses you.
Your unstable footing causes you to fumble your attack.
The death yak gores you but does no damage.
You slice the death yak!!
You kill the death yak!
You slice the death yak!!
The death yak is moderately wounded.
You hear an angry growl.
The death yak gores you!
You die...

..................Y...Y......
.........###....#.#..........
###..###.....#.#..
###.###...Y.##.#.#
#..Y####....P. .
#...Y###....Y.. .
#......+.....#.
######Y#....##.# #@#.....# #
###....... #...... ......
#.P.## ####


You could see a death yak.

Vanquished Creatures
  A hydra (Lair:2)
  The ghost of zishaf the Wallflower, a journeyman VSBr of Uskayaw (Lair:2)
  Erica (D:8)
  5 death yaks (Lair:3)
  4 oklob plants (Lair:2)
  A manticore (Lair:2)
  4 black mambas
  A torpor snail (Lair:3)
  5 elephants (Lair:1)
  4 cane toads (Lair:1)
  A rime drake (Lair:2)
  Psyche (D:8)
  A komodo dragon (Lair:3)
  A troll (D:9)
  A wind drake (Lair:2)
  Grinder (D:5)
  Prince Ribbit (D:8)
  A hornet (D:8)
  2 polar bears
  7 blink frogs
  36 yaks
  2 basilisks
  A wyvern (Lair:1)
  Eustachio (D:4)
  A steam dragon (D:6)
  Menkaure (D:4)
  An acid dragon (D:9)
  7 water moccasins
  2 orc warriors
  A sky beast (D:8)
  2 ice beasts (D:7)
  2 black bears
  An ogre (D:6)
  9 wolves
  2 centaurs
  2 kobold brigands
  3 elf zombies (Ossuary)
  12 bullfrogs
  A necrophage (D:6)
  6 scorpions
  3 wights (D:8)
  5 howler monkeys
  3 hounds
  A human zombie (Ossuary)
  A gnoll bouda (D:6)
  2 orc priests
  An iguana (D:5)
  3 orc wizards
  Natasha (thrice) (D:4)
  8 hell rats (Lair:1)
  Terence (D:2)
  A hound zombie (Ossuary)
  3 mummies (Ossuary)
  Robin (D:4)
  10 gnolls
  4 adders
  9 river rats (Lair:1)
  2 white imps
  2 ufetubi
  An adder zombie (Ossuary)
  3 worms (Lair:3)
  A dart slug (D:4)
  16 orcs
  5 ball pythons
  2 bats
  An endoplasm (D:3)
  5 giant cockroaches
  9 goblins
  4 hobgoblins
  7 jackals
  13 kobolds
  6 quokkas
  3 frilled lizards
  6 goblin zombies (Ossuary)
  5 hobgoblin zombies (Ossuary)
  4 jackal zombies (Ossuary)
  2 kobold zombies (Ossuary)
  4 orc zombies (Ossuary)
  2 quokka zombies (Ossuary)
  12 rats
  3 rat zombies (Ossuary)
  2 butterflies (Lair:1)
316 creatures vanquished.

Vanquished Creatures (others)
  29 fungi
  37 plants
66 creatures vanquished.

Grand Total: 382 creatures vanquished

Notes
Turn   | Place    | Note
-------+----------+-------------------------------------------
     0 | D:1      | IdlyInterested the Demonspawn Gladiator began the quest for
                  | the Orb.
     0 | D:1      | Reached XP level 1. HP: 16/16 MP: 1/1
   158 | D:1      | Gained mutation: A meltable shield of frost defends you.
                  | (SH +4) [demonic ancestry]
   158 | D:1      | Reached XP level 2. HP: 8/23 MP: 2/2
   843 | D:2      | Reached skill level 1 in Armour
   884 | D:2      | Reached XP level 3. HP: 23/28 MP: 3/3
   966 | D:2      | Noticed Terence
   982 | D:2      | Killed Terence
   999 | D:2      | Found a basalt altar of Yredelemnul.
  1172 | D:2      | Gained mutation: Your system is resistant to poisons.
                  | (rPois) [potion of mutation]
  1172 | D:2      | Gained mutation: You are strong-willed. (Will+) [potion of
                  | mutation]
  1756 | D:3      | Reached XP level 4. HP: 33/35 MP: 4/4
  1765 | D:3      | Reached skill level 1 in Evocations
  1961 | D:3      | Found Itin's Weapon Boutique.
  2107 | D:3      | Identified the +1 robe of Camoej {+Blink Str+2 Int-4}
  2747 | D:4      | Noticed Menkaure
  2754 | D:4      | Killed Menkaure
  2755 | D:4      | Gained mutation: You are partially covered in icy blue
                  | scales. (AC +2) [demonic ancestry]
  2755 | D:4      | Reached XP level 5. HP: 16/43 MP: 5/5
  2997 | D:4      | Reached skill level 5 in Fighting
  2997 | D:4      | Reached XP level 6. HP: 42/51 MP: 6/6
  3091 | D:4      | Noticed Natasha
  3105 | D:4      | Killed Natasha
  3349 | D:4      | Noticed Natasha
  3357 | D:4      | Killed Natasha
  3389 | D:4      | Noticed Natasha
  3407 | D:4      | Killed Natasha
  3703 | D:4      | Noticed Eustachio
  3725 | D:4      | Killed Eustachio
  3726 | D:4      | Reached XP level 7. HP: 22/57 MP: 7/7
  3735 | D:4      | Noticed Robin
  3752 | D:4      | Killed Robin
  4432 | D:5      | Entered Level 5 of the Dungeon
  4548 | D:5      | Identified a scroll of acquirement
  4548 | D:5      | Acquired 1244 gold pieces
  4738 | D:5      | Found a bloodstained altar of Trog.
  4753 | D:5      | Found a staircase to the Ecumenical Temple.
  4767 | Temple   | Entered the Ecumenical Temple
  4921 | D:5      | Noticed Grinder
  4930 | D:5      | Killed Grinder
  5193 | D:5      | Reached skill level 5 in Axes
  5410 | D:6      | Gained mutation: A meltable icy envelope protects you from
                  | harm. (AC +8) [demonic ancestry]
  5410 | D:6      | Reached XP level 8. HP: 52/67 MP: 8/8
  5437 | D:6      | Found a sand-covered staircase.
  5453 | Ossuary  | Entered an ossuary
  5823 | D:6      | Found an ancient bone altar of Kikubaaqudgha.
  6538 | D:7      | Found Lyhughir's Book Emporium.
  6695 | D:7      | Gained mutation: A meltable icy envelope protects you from
                  | harm. (AC +8) [demonic ancestry]
  6695 | D:7      | Reached XP level 9. HP: 50/75 MP: 9/9
  6978 | D:7      | Reached skill level 5 in Armour
  7635 | D:8      | Noticed Erica
  7662 | D:8      | Killed Erica
  7663 | D:8      | Reached skill level 10 in Fighting
  7676 | D:8      | Gained mutation: You have sharp fingernails. [demonic
                  | ancestry]
  7676 | D:8      | Reached XP level 10. HP: 57/86 MP: 10/10
  7806 | D:8      | Noticed Prince Ribbit
  7814 | D:8      | Killed Prince Ribbit
  8373 | D:8      | Noticed Psyche
  8389 | D:8      | Killed Psyche
  8669 | D:9      | Found Qiduc's Antique Weapon Shoppe.
  8672 | D:9      | Bought a blackened mace for 208 gold pieces
  8672 | D:9      | Identified the +10 mace of Cobwebs {freeze, rCorr Stlth+}
                  | (You bought it in a shop on level 9 of the Dungeon)
  8919 | D:9      | Found a sacrificial altar of Ru.
  8938 | D:9      | Identified the +2 morningstar of the Yoke {spect, Int+4}
  9103 | D:9      | Found an ornate altar of the Wu Jian Council.
  9103 | D:9      | Found a shimmering blue altar of Sif Muna.
  9104 | D:9      | Found a radiant altar of Vehumet.
  9273 | D:9      | Found a staircase to the Lair.
  9353 | D:9      | Found a staircase to the Orcish Mines.
  9498 | Lair:1   | Entered Level 1 of the Lair of Beasts
  9502 | Lair:1   | Noticed an elephant
  9502 | Lair:1   | Noticed an elephant
  9502 | Lair:1   | Noticed an elephant
  9502 | Lair:1   | Noticed an elephant
  9510 | Lair:1   | Noticed an elephant
  9518 | Lair:1   | Killed an elephant
  9527 | Lair:1   | Killed an elephant
  9572 | Lair:1   | Killed an elephant
  9573 | Lair:1   | Reached XP level 11. HP: 68/93 MP: 11/11
  9604 | Lair:1   | Reached skill level 5 in Throwing
  9903 | Lair:1   | Reached skill level 10 in Axes
 11619 | Lair:2   | Found a shimmering altar of Xom.
 11694 | Lair:2   | Noticed a five-headed hydra
 11704 | Lair:2   | Killed a five-headed hydra
 11705 | Lair:2   | Reached skill level 1 in Stealth
 12104 | Lair:2   | Found a staircase to the Shoals.
 12119 | Lair:2   | Gained mutation: You have very sharp fingernails. [demonic
                  | ancestry]
 12119 | Lair:2   | Reached XP level 12. HP: 68/103 MP: 12/12
 13169 | Lair:2   | Got the Catalogue of Apparitions and Profane Deeds
 13412 | Lair:2   | Found a large runed translucent door.
 13418 | Lair:2   | Found a large runed translucent door.
 13420 | Lair:2   | Noticed zishaf's ghost (journeyman VSBr)
 13652 | Lair:2   | Killed zishaf's ghost
 13812 | D:7      | Bought a manual of Evocations for 1120 gold pieces
 14022 | Lair:3   | Found a hole to the Spider Nest.
 14496 | Lair:3   | Noticed a death yak
 14496 | Lair:3   | Noticed a death yak
 14497 | Lair:3   | Noticed a death yak
 14497 | Lair:3   | Noticed a death yak
 14497 | Lair:3   | Noticed a death yak
 14499 | Lair:3   | Noticed a death yak
 14533 | Lair:3   | Killed a death yak
 14537 | Lair:3   | Killed a death yak
 14538 | Lair:3   | Reached skill level 5 in Evocations
 14543 | Lair:3   | Killed a death yak
 14554 | Lair:3   | Killed a death yak
 14561 | Lair:3   | HP: 3/105 [death yak (13)]
 14571 | Lair:3   | Killed a death yak
 14572 | Lair:3   | Slain by a death yak

Illustrated notes

Levels and vault maps discovered:
D:1:      heliophobic_arrival_dark_side_of_the_moon, layout_loops_ring,
          minmay_tripent
D:2:      layout_rooms, basic_altar, uniq_terence
D:3:      layout_basic, dreamdust_divine_triumvirate, serial_shops,
          nicolae_square_shop
D:4:      layout_basic, uniq_eustachio, uniq_menkaure, uniq_robin, uniq_natasha
D:5:      layout_loops_ring, bloody_trog, minmay_temple_entry_gardened_gates,
          kennysheep_diamond, dk_rats_in_the_wall, uniq_grinder
D:6:      layout_basic, lemuel_tele_altar, serial_aquarium,
          aquarium_bridge_straight [aquarium_subvault_bridge,
          aquarium_subvault_window, aquarium_subvault_bridge,
          aquarium_subvault_balcony], aquarium_window_1, aquarium_window_1,
          aquarium_window_corner, aquarium_window_2, aquarium_view_2a,
          aquarium_view_2f, aquarium_pool_split, enter_ossuary_1
D:7:      layout_basic, serial_shops, nicolae_shop_statue_plus,
          kennysheep_flooded_box, chequers_decorated_corner,
          minmay_misc_feat_columns
D:8:      layout_basic, grunt_decor_clamped, uniq_prince_ribbit1, uniq_psyche,
          uniq_erica
D:9:      layout_cave_pools, mainiacjoe_overflow_paths,
          chequers_temple_overflow_statue_of_worship,
          grunt_lair_entry_orc_guard_hut, orc_0_dummy, serial_shops,
          nicolae_stop_n_shop_2, chequers_serial_rivers_micro_a
Temple:   cyrus_circular_temple
Lair:1:   lemuel_ratsnest, layout_cave_pods, chequers_serial_rivers_room_a,
          lemuel_fruit_fields
Lair:2:   minmay_lair_oklob_tunnel, layout_loops_ring,
          minmay_shoals_entry_beasts, basic_altar, ebering_ghost_disaster_area,
          serial_bayou_crossing
Lair:3:   layout_regular_city, nicolae_spider_entry_non_spiders

Skill      XL: |  1  2  3  4  5  6  7  8  9 10 11 12 |
---------------+-------------------------------------+-----
Axes           | 3 4 5 6 7 9 11 13 | 13.2
Armour         | 1 2 3 4 6 |  6.0
Fighting       | 3 4 5 7 8 10 11 12 13 | 13.2
Evocations     | 1 5 |  5.8
Throwing       | 2 4 6 |  6.0
Dodging        | 3 |  3.0
Stealth        | 2 3 |  3.0

Action                   |  1- 3 |  4- 6 |  7- 9 | 10-12 || total
-------------------------+-------+-------+-------+-------++-------
Melee: War axe           |    82 |   121 |   299 |    42 ||   544
       Punch             |       |     1 |     2 |       ||     3
       Unarmed           |       |       |     6 |       ||     6
       Battleaxe         |       |       |       |   714 ||   714
       Mace              |       |       |       |     6 ||     6
Throw: Dart              |       |       |     2 |     8 ||    10
       Javelin           |       |       |     1 |       ||     1
Evoke: Wand              |       |       |     1 |       ||     1
       Phial of floods   |       |       |       |     1 ||     1
  Use: Scroll            |     9 |     2 |     9 |     8 ||    28
       Potion            |     3 |     4 |     4 |     8 ||    19
Armor: Scale mail        |    39 |    47 |   126 |    50 ||   262
       Ring mail         |     1 |       |       |       ||     1
       Skin              |       |       |     2 |     1 ||     3
       Acid dragon scale |       |       |       |   145 ||   145
       Pearl dragon scal |       |       |       |   220 ||   220
Dodge: Dodged            |    45 |    46 |    93 |   313 ||   497
Block: Other             |    14 |    58 |    94 |   309 ||   475
       Reflection        |       |     1 |     7 |     4 ||    12
       Kite shield       |       |       |    39 |    33 ||    72

Table legend: (Time is in decaauts)
 A = Elapsed time spent in this place.
 B = Non-inter-level travel time spent in this place.
 C = Inter-level travel time spent in this place.
 D = Time resting spent in this place.
 E = Time spent auto-exploring this place.
 F = Levels seen in this place.
 G = Mean time per level.
                   A        B        C        D        E       F      G
               +--------+--------+--------+--------+--------+-----+--------+
         Total |  14883 |  13754 |   1129 |   2710 |   7385 |  14 | 1063.1 |
       Dungeon |   9388 |   8518 |    870 |   1388 |   5085 |   9 | 1043.1 |
        Temple |     50 |     50 |      0 |      0 |     35 |   1 |   50.0 |
          Lair |   5077 |   4818 |    259 |   1321 |   2179 |   3 | 1692.3 |
       Ossuary |    366 |    366 |      0 |      0 |     85 |   1 |  366.0 |
               +--------+--------+--------+--------+--------+-----+--------+

Top non-repeatable levels by time:
  Lair:1: 2256 daAuts
  Lair:2: 2154 daAuts
     D:4: 1866 daAuts
     D:3: 1272 daAuts
     D:8: 1241 daAuts
     D:6: 962 daAuts
     D:1: 951 daAuts
     D:7: 931 daAuts
     D:9: 838 daAuts
     D:5: 785 daAuts
  Lair:3: 666 daAuts
     D:2: 539 daAuts
 Ossuary: 366 daAuts
  Temple: 50 daAuts
